 Dungeon Crawl Stone Soup version 0.29-a0-542-g075992c915 (webtiles) character file.

Game seed: 566741901764568462

49 valliere the Skirmisher (level 3, -3/33 HPs)
             Began as a Draconian Monk on June 4, 2022.
             Was a Plaything of Xom.
             Slain by Sigmund
             ... wielding a +1 scythe of venom
              (8 damage)
             ... on level 3 of the Dungeon.
             The game lasted 00:06:32 (2380 turns).

valliere the Skirmisher (Draconian Monk)            Turns: 2380, Time: 00:06:33

Health: -3/33      AC:  5    Str: 13    XL:     3   Next: 51%
Magic:  3/3        EV: 13    Int: 10    God:    Xom [..*...]
Gold:   183        SH:  0    Dex: 15    Spells: 2/2 levels left

rFire   . . .      SeeInvis .   a - +0 falchion
rCold   . . .      Faith    .   (no shield)
rNeg    . . .      Spirit   .   (body armour unavailable)
rPois   .          Reflect  .   (helmet restricted)
rElec   .          Harm     .   (no cloak)
rCorr   .          Rampage  .   (no gloves)
Will    .....                   (no boots)
Stlth   +.........              (no amulet)
HPRegen 0.11/turn               (no ring)
MPRegen 0.08/turn               (no ring)

@: confused, lethally poisoned (-3 -> -15), ambrosia-drunk
A: AC +5, unfitting armour, cold-blooded
a: Renounce Religion


You were on level 3 of the Dungeon.
You worshipped Xom.
You were a toy of Xom.
You visited 1 branch of the dungeon, and saw 3 of its levels.

You collected 183 gold pieces.

Inventory:

Hand Weapons
 a - a +0 falchion (weapon)
Wands
 r - a wand of acid (9)
Scrolls
 c - a scroll of enchant armour {unknown}
 f - a scroll of brand weapon {unknown}
 g - 5 scrolls of identify {unknown}
 h - 3 scrolls of teleportation {unknown}
 i - a scroll of magic mapping {unknown}
 j - a scroll of vulnerability {unknown}
 l - a scroll of summoning {unknown}
 m - a scroll of enchant weapon {unknown}
 q - a scroll of blinking {unknown}
Potions
 d - 2 potions of heal wounds {unknown}
 e - 2 potions of flight {unknown}
 k - a potion of curing {unknown}
 n - a potion of brilliance {unknown}
 o - 2 potions of cancellation
 p - a potion of magic {unknown}


   Skills:
 + Level 3.6 Fighting
 * Level 3.6 Long Blades
 + Level 3.0 Dodging
 + Level 2.3 Stealth
 + Level 0.0 Evocations


You had 2 spell levels left.
You didn't know any spells.
Your spell library contained the following spells:

 Spells                   Type           Power      Damage    Failure   Level
 Summon Small Mammal      Summ           0%         N/A       36%         1
 Call Canine Familiar     Summ           0%         N/A       75%         3
 Summon Guardian Golem    Hex/Summ       0%         N/A       75%         3


Dungeon Overview and Level Annotations

Branches:
Dungeon (3/15)

Altars:
Vehumet
Xom

Annotations:
D:3 Grinder, Sigmund


Innate Abilities, Weirdness & Mutations

Your plain brown scales are hard. (AC +5)
You cannot fit into any form of body armour.
You are cold-blooded and may be slowed by cold attacks.


Message History

Sigmund flickers and vanishes!
Deactivating autopickup; reactivate with Ctrl-A.
Press: ? - help, v - describe, . - travel The floor.
The quokka misses you.
The quokka bites you but does no damage.
The quokka misses you.
The quokka bites you but does no damage.
You slash the quokka!
You kill the quokka!
You hear some strange, mumbled words.
You are confused.
You bump into the rock wall.
Something hits you!
You are poisoned.
You see here a quokka corpse.
You completely miss something.
You feel very sick.
You miss something.
You feel sick. Something hits you but does no damage.
You are more poisoned.
You bump into the rock wall.
You feel very sick. Something hits you but does no damage.
You are lethally poisoned!
You're too confused to move!
* * * LOW HITPOINT WARNING * * *
You feel very sick.
Your magical effects are unravelling.
You feel magically purged.
You feel less confused.
* * * LOW HITPOINT WARNING * * *
You feel very sick.
You hear some strange, mumbled words.
Something tries to affect you, but you resist.
You are confused.
You feel invigorated.
* * * LOW HITPOINT WARNING * * *
You feel very sick. Something hits you!
You die...

#†# ##..B# .....
#†###....###.# ...
#.##.........# ...
...........# #.#
##..###>.### #.# ##..#
#..# #.# ##..# #.r# #.#
##..# #..# #.#
##..###..# #@#
.........#######{#
.................#
###.###...##...........
#.###...##.######....
#.#........# ..#
#..........# #
#.#.......##
#.###...###


There were no monsters in sight!

Vanquished Creatures
  An adder (D:2)
  A worm (D:2)
  An endoplasm (D:1)
  A goblin (D:3)
  5 hobgoblins
  3 kobolds
  4 quokkas
  7 ball pythons
  3 bats (D:1)
  3 frilled lizards
  9 rats
38 creatures vanquished.

Notes
Turn   | Place    | Note
-------+----------+-------------------------------------------
     0 | D:1      | valliere the Draconian Monk began the quest for the Orb.
     0 | D:1      | Reached XP level 1. HP: 19/19 MP: 1/1
   335 | D:1      | Reached XP level 2. HP: 20/26 MP: 2/2
   735 | D:1      | Found a faded altar of an unknown god.
   745 | D:1      | Prayed at the altar of an unknown god.
   745 | D:1      | Became a worshipper of Xom of Chaos
   981 | D:1      | XOM: silly message
  1102 | D:2      | XOM: 1-stop teleportation journey
  1113 | D:2      | XOM: smoke on damage
  1118 | D:2      | XOM: smoke on damage
  1257 | D:2      | XOM: god gift: bubbling yellow potion {god gift}
  1318 | D:2      | XOM: divination: detect items
  1474 | D:2      | XOM: 4-stop teleportation journey
  1512 | D:2      | Reached XP level 3. HP: 28/31 MP: 3/3
  1848 | D:2      | Found a radiant altar of Vehumet.
  2304 | D:3      | Noticed Grinder
  2351 | D:3      | Noticed Sigmund
  2380 | D:3      | Slain by Sigmund

Illustrated notes

Levels and vault maps discovered:
D:1:      lightli_arrival_maybe_door_vault, layout_basic,
          shapermc_ecumenical_altar_gd, minmay_splitting_lines,
          minmay_door_square
D:2:      layout_basic, basic_altar
D:3:      layout_loops_ring, grunt_temple_overflow_gold_and_silver,
          nicolae_overflow_ecumenical_swirl, patterned_corridor, uniq_grinder,
          uniq_sigmund

Skill      XL: |  1  2 |
---------------+-------+-----
Stealth        | 2 |  2.3
Dodging        | 3 |  3.0
Fighting       | |  3.6
Long Blades    | |  3.6

Action                   || total
-------------------------++-------
Melee: Falchion          ||   115
       Tailslap          ||    13
       Punch             ||     2
  Use: Potion            ||     3
 Stab: Sleeping          ||     5
Armor: Skin              ||    31
Dodge: Dodged            ||    77

Table legend: (Time is in decaauts)
 A = Elapsed time spent in this place.
 B = Non-inter-level travel time spent in this place.
 C = Inter-level travel time spent in this place.
 D = Time resting spent in this place.
 E = Time spent auto-exploring this place.
 F = Levels seen in this place.
 G = Mean time per level.
                   A        B        C        D        E       F      G
               +--------+--------+--------+--------+--------+-----+--------+
         Total |   2394 |   2354 |     40 |      0 |   1983 |   3 |  798.0 |
       Dungeon |   2394 |   2354 |     40 |      0 |   1983 |   3 |  798.0 |
               +--------+--------+--------+--------+--------+-----+--------+

Top non-repeatable levels by time:
     D:1: 1058 daAuts
     D:2: 1031 daAuts
     D:3: 304 daAuts
